 Seeded DCSS version 0.28.0-53-g5a82cb258f (webtiles) character file.

Game seed: 5819556540278030217 (custom seed)

3622 bwicke the Cleaver (level 9, -18/74 HPs)
             Began as a Palentonga Abyssal Knight on Aug 10, 2022.
             Was an Elder of Lugonu.
             Killed from afar by an acid dragon (23 damage)
             ... with a splash of acid
             ... on level 6 of the Dungeon.
             The game lasted 00:14:45 (5151 turns).

bwicke the Cleaver (Palentonga Abyssal Knight)      Turns: 5151, Time: 00:14:46

Health: -18/74     AC: 10    Str: 21    XL:     9   Next: 87%
Magic:  0/14       EV:  9    Int: 10    God:    Lugonu [****..]
Gold:   231        SH:  0    Dex: 11    Spells: 8/8 levels left

rFire   . . .      SeeInvis +   F - +2 war axe (vamp)
rCold   . . .      Faith    .   (no shield)
rNeg    . . .      Spirit   +   b - +0 leather armour
rPois   +          Reflect  .   c - +2 helmet
rElec   .          Harm     .   (no cloak)
rCorr   .          Rampage  .   (no gloves)
Will    +....                   (no barding)
Stlth   +.........              q - amulet of guardian spirit
HPRegen 0.22/turn               x - ring of willpower
MPRegen 0.14/turn               y - ring of poison resistance

@: corroded, curled up
A: large, rugged brown scales 3, see invisible, deformed body, roll 1, armoured
tail, reflexive curl
a: Rolling Charge, Renounce Religion, Depart the Abyss, Bend Space, Banish,
Corrupt


You were on level 6 of the Dungeon.
You worshipped Lugonu.
Lugonu was greatly pleased with you.
You visited 2 branches of the dungeon, and saw 7 of its levels.
You visited the Abyss 1 time.

You collected 231 gold pieces.

Inventory:

Hand Weapons
 a - a +1 hand axe
 m - a +0 spear
 n - a +2 broad axe of flaming
 o - a +3 short sword of freezing
 p - a +0 dagger of venom
 w - a +2 dagger of draining
 F - a +2 vampiric war axe (weapon)
 I - a +0 rapier
 N - a +2 dagger of speed
Missiles
 d - 26 sling bullets
 g - 2 curare-tipped darts
 h - a throwing net
 k - 20 poisoned darts
Armour
 b - a +0 leather armour (worn)
 c - a +2 helmet (worn)
Magical Staves
 J - a staff of cold
Jewellery
 q - an amulet of guardian spirit (around neck)
 x - a ring of willpower (left hand)
 y - a ring of poison resistance (right hand)
Wands
 r - a wand of polymorph (10)
 s - a wand of flame (3)
 A - a wand of iceblast (10)
 B - a wand of mindburst (8)
Scrolls
 f - 2 scrolls of enchant weapon {unknown}
 j - 2 scrolls of teleportation
 t - a scroll of amnesia {unknown}
 v - a scroll of enchant armour {unknown}
 G - 2 scrolls of noise {unknown}
 H - a scroll of blinking {unknown}
 K - a scroll of vulnerability {unknown}
 L - a scroll of fog {unknown}
Potions
 e - 3 potions of curing {unknown}
 i - a potion of haste
 l - 2 potions of flight {unknown}
 u - 3 potions of might {unknown}
 z - a potion of degeneration {unknown}
 C - a potion of brilliance {unknown}
 D - 2 potions of lignification {unknown}
 E - a potion of berserk rage {unknown}
 M - 2 potions of mutation {unknown}


   Skills:
 + Level 6.3 Fighting
 - Level 14.0 Axes
 - Level 1.5 Armour
 - Level 0.7 Dodging
 - Level 7.4 Invocations


You had 8 spell levels left.
You didn't know any spells.
Your spell library contained the following spells:

 Spells                   Type           Power      Damage    Failure   Level
 Foxfire                  Conj/Fire      0%         2x1d4     41%         1
 Ensorcelled Hibernation  Hex/Ice        0%         N/A       54%         2
 Conjure Flame            Conj/Fire      0%         6-21      78%         3
 Inner Flame              Hex/Fire       0%         N/A       78%         3
 Spider Form              Tmut/Pois      0%         N/A       78%         3
 Tukima's Dance           Hex            0%         N/A       78%         3
 Anguish                  Hex/Necr       0%         N/A       99%         4
 Flame Wave               Conj/Fire      0%         2d4       99%         4
 Enfeeble                 Hex            0%         N/A       100%        7


Dungeon Overview and Level Annotations

Branches:
Dungeon (6/15)             Temple (1/1) D:4

Altars:
Ashenzari
Cheibriados
Dithmenos
Elyvilon
Fedhas
Gozag
Hepliaklqana
Kikubaaqudgha
Makhleb
Nemelex Xobeh
Okawaru
Qazlal
Ru
Sif Muna
Trog
Uskayaw
Vehumet
Wu Jian
Xom
Yredelemnul
Zin
The Shining One


Innate Abilities, Weirdness & Mutations

You are completely covered in rugged brown scales. (AC +3, +7% HP)
You have supernaturally acute eyesight. (SInv)
Armour fits poorly on your strangely shaped body.
You can roll at nearby foes to attack.
You have a long armoured tail.
You curl defensively after being hit. (AC +7*)


Message History

You hit the acid dragon but do no damage.
The acid dragon is severely wounded.
The acid dragon closely misses you. The acid dragon claws you.
You slash the acid dragon!
The acid dragon is almost dead.
The acid dragon spits acid at you. The splash of acid hits you!!
* * * LOW HITPOINT WARNING * * *
You closely miss the acid dragon.
You tail-slap the acid dragon, but do no damage.
The acid dragon is almost dead.
The acid dragon bites you!
* * * LOW HITPOINT WARNING * * *
The acid dragon claws you but does no damage.
You hit the acid dragon but do no damage.
The acid dragon is almost dead.
The acid dragon bites you.
* * * LOW HITPOINT WARNING * * *
The acid dragon completely misses you.
You closely miss the acid dragon.
The acid dragon is almost dead.
Press: ? - help, Shift-Dir - straight line, f/p - acid dragon
Aim: an acid dragon (almost dead, chance to affect: 84%)
Okay, then.
Unknown command.
You completely miss the acid dragon.
Your tail-slap misses the acid dragon.
The acid dragon is almost dead.
The acid dragon barely misses you. x2
You completely miss the acid dragon. Your punch misses the acid dragon.
The acid dragon is almost dead.
The acid dragon bites you!
* * * LOW HITPOINT WARNING * * *
The acid dragon claws you but does no damage.
Okay, then.
Unknown command.
You hit the acid dragon but do no damage.
The acid dragon is almost dead.
The acid dragon spits acid at you. The splash of acid hits you!!
You die...

####.............#
..........#
#.......†.....#
...........
#.............#
...........
#.............#
..#######..
#.........#...# #..
#.........#.#+#####
#..
#...............)..
#..
#.........D........
#..
#........##@.......
#.. .......
#D....... #..
..D.... #........
#.. .......
#........ #..
....### #........
#.. ... .........
### #........
#........


You could see a steam dragon and an acid dragon (catching breath).

Vanquished Creatures
  Grinder (D:5)
  Prince Ribbit (D:5)
  A shadow (D:6)
  Sigmund (D:5)
  An orc warrior (D:6)
  A sky beast (D:6)
  3 necrophages (D:5)
  2 ogres (D:6)
  Blork the orc (D:5)
  A scorpion (D:4)
  3 water moccasin zombies
  2 water moccasin skeletons
  2 wights (D:5)
  2 bullfrog zombies (D:5)
  A human zombie (D:5)
  2 centaur zombies
  5 hounds
  2 orc priests
  A bullfrog skeleton (D:5)
  A centaur skeleton (D:4)
  2 iguanas (D:6)
  An orc wizard (D:6)
  Ijyb (D:4)
  2 killer bee zombies
  A hound skeleton (D:4)
  A mummy (D:5)
  2 howler monkey zombies
  Robin (D:2)
  3 adders
  A worm (D:3)
  4 dart slugs
  8 orcs
  7 ball pythons
  5 bats
  3 endoplasms
  3 giant cockroaches
  15 goblins
  4 hobgoblins
  10 jackals
  8 kobolds
  4 quokkas
  2 frilled lizards
  6 rats
128 creatures vanquished.

Notes
Turn   | Place    | Note
-------+----------+-------------------------------------------
     0 | Abyss:1  | bwicke the Palentonga Abyssal Knight began the quest for
                  | the Orb.
     0 | Abyss:1  | Reached XP level 1. HP: 19/19 MP: 2/2
     6 | D:1      | Escaped the Abyss
    84 | D:1      | Reached XP level 2. HP: 20/25 MP: 3/3
   232 | D:1      | Reached skill level 3 in Axes
   331 | D:1      | Reached ** piety under Lugonu
   332 | D:1      | Reached XP level 3. HP: 29/31 MP: 4/4
   724 | D:2      | Reached skill level 4 in Axes
  1053 | D:2      | Noticed Robin
  1073 | D:2      | Reached XP level 4. HP: 23/37 MP: 5/5
  1073 | D:2      | Killed Robin
  1469 | D:2      | Found a snail-covered altar of Cheibriados.
  1686 | D:2      | Found a faded altar of an unknown god.
  1814 | D:3      | Reached skill level 5 in Axes
  1815 | D:3      | Reached *** piety under Lugonu
  1819 | D:3      | Reached XP level 5. HP: 33/43 MP: 3/6
  2413 | D:4      | Noticed Ijyb
  2426 | D:4      | Killed Ijyb
  2754 | D:4      | Reached XP level 6. HP: 47/50 MP: 6/9
  2853 | D:4      | Identified a scroll of acquirement
  2854 | D:4      | Acquired a +2 broad axe of flaming
  2978 | D:4      | Found a staircase to the Ecumenical Temple.
  2982 | D:4      | Reached skill level 5 in Invocations
  2994 | Temple   | Entered the Ecumenical Temple
  3755 | D:5      | Entered Level 5 of the Dungeon
  3755 | D:5      | Noticed Grinder
  3760 | D:5      | Killed Grinder
  3761 | D:5      | Gained mutation: You curl defensively after being hit. (AC
                  | +7*) [Palentonga growth]
  3761 | D:5      | Reached XP level 7. HP: 40/55 MP: 6/11
  3857 | D:5      | Noticed Sigmund
  3866 | D:5      | Killed Sigmund
  4076 | D:5      | Reached skill level 6 in Axes
  4113 | D:5      | Noticed Blork the orc
  4120 | D:5      | Killed Blork the orc
  4279 | D:5      | Noticed Prince Ribbit
  4284 | D:5      | Killed Prince Ribbit
  4285 | D:5      | Reached skill level 7 in Axes
  4285 | D:5      | Reached XP level 8. HP: 62/62 MP: 13/13
  4328 | D:5      | Reached skill level 14 in Axes
  4328 | D:5      | Reached XP level 9. HP: 67/67 MP: 14/14
  4463 | D:5      | Found a basalt altar of Yredelemnul.
  4473 | D:5      | Reached **** piety under Lugonu
  4752 | D:6      | Reached skill level 5 in Fighting
  5151 | D:6      | Killed from afar by an acid dragon

Illustrated notes

Levels and vault maps discovered:
D:1:      evilmike_arrival_hilbert_curve, layout_basic,
          minmay_misc_feat_more_columns, minmay_pentomino_t4
D:2:      layout_loops_ring, shapermc_ecumenical_altar_notcrosses, basic_altar,
          hangedman_decor_opposing, uniq_robin
D:3:      layout_rooms, hangedman_decor_push
D:4:      layout_loops_ring, minmay_temple_entry_proselytizer, uniq_ijyb
D:5:      layout_rooms, lemuel_mausoleum_altar_yredelemnul, uniq_sigmund,
          uniq_prince_ribbit1, uniq_blork_the_orc, uniq_grinder
D:6:      layout_basic
Temple:   mainiacjoe_temple_starburst

Skill      XL: |  1  2  3  4  5  6  7  8  9 |
---------------+----------------------------+-----
Axes           | 3 4 5 7 14 | 14.0
Invocations    | 4 6 7 |  7.4
Fighting       | 6 |  6.3
Armour         | |  1.5
Dodging        | |  0.7

Action                   |  1- 3 |  4- 6 |  7- 9 || total
-------------------------+-------+-------+-------++-------
Melee: Hand axe          |    94 |    88 |       ||   182
       Tailslap          |    10 |    13 |    20 ||    43
       Punch             |       |     2 |     1 ||     3
       Broad axe         |       |    19 |    65 ||    84
       War axe           |       |       |    71 ||    71
Invok: Bend Space        |       |     2 |     4 ||     6
 Abil: Rolling Charge    |    27 |    28 |    30 ||    85
Evoke: Wand              |       |     1 |       ||     1
  Use: Scroll            |       |     3 |     1 ||     4
       Potion            |       |       |     2 ||     2
Armor: Leather armour    |    45 |    46 |    38 ||   129
Dodge: Dodged            |    53 |    50 |    44 ||   147
